 Dungeon Crawl Stone Soup version 0.30.1-9-gdf580d7c3d (webtiles) character file.

Game seed: 11863717298201822687

2 Ivernyr the Shield-Bearer (level 1, 0/18 HPs)
             Began as a Formicid Fighter on Sept 28, 2023.
             Succumbed to a goblin's poison
             ... on level 1 of the Dungeon.
             The game lasted 00:00:15 (23 turns).

Ivernyr the Shield-Bearer (Formicid Fighter)          Turns: 23, Time: 00:00:15

Health: 0/18       AC:  6    Str: 20    XL:     1   Next: 44%
Magic:  1/1        EV:  9    Int:  7    God:
Gold:   0          SH:  5    Dex: 13    Spells: 0/0 levels left

rFire   . . .        a - +0 flail
rCold   . . .        c - +0 buckler
rNeg    . . .        b - +0 scale mail
rPois   .            (helmet unavailable)
rElec   .            (no cloak)
rCorr   .            (no gloves)
SInv    +            (no boots)
Will    .....        (no amulet) Stlth
                     (no ring)
HPRegen 0.23/turn    (no ring)
MPRegen 0.07/turn

%: no passive effects
@: lethally poisoned (0 -> -8)
A: permanent stasis, dig shafts and tunnels, antennae 3, four strong arms
a: Dig, Shaft Self


You were on level 1 of the Dungeon.
You visited 1 branch of the dungeon, and saw 1 of its levels.

Inventory:

Hand Weapons
 a - a +0 flail (weapon)
Armour
 b - a +0 scale mail (worn)
 c - a +0 buckler (worn)
Potions
 d - a potion of might


   Skills:
 + Level 3.3 Fighting
 + Level 2.1 Maces & Flails
 + Level 3.3 Armour
 - Level 4.0 Shields


You couldn't memorise any spells.
You didn't know any spells.
Your spell library was empty.

Dungeon Overview and Level Annotations

Branches:
Dungeon (1/15)

Altars:


Innate Abilities, Weirdness & Mutations

You cannot be hasted, slowed, berserked, paralysed or teleported.
You can dig through walls and to a lower floor.
You have a pair of large antennae on your head. (SInv)
Your four strong arms can wield two-handed weapons with a shield.


Message History

Press ? for a list of commands and other information.
Found a staircase leading out of the dungeon.
You open the door.
Found a rapier.
There is an open door here.
A goblin comes into view. It is wielding a +0 club.
Found a lumpy citrine amulet.
A goblin is nearby!
The goblin closely misses you.
You closely miss the goblin. The goblin hits you with a +0 club.
You closely miss the goblin. The goblin hits you but does no damage.
You closely miss the goblin. You block the goblin's attack.
The goblin closely misses you.
You hit the goblin.
You kill the goblin!
A goblin comes into view. It is wielding a +2 dagger of venom.
The goblin shouts!
Things that are here:
a +0 club; a goblin corpse You see here 9 gold pieces.
A goblin is nearby!
You block the goblin's attack.
You barely miss the goblin.
The goblin hits you with a +2 dagger of venom.
You are poisoned.
A rat comes into view.
You barely miss the goblin.
You feel very sick. The goblin hits you but does no damage.
You are lethally poisoned!
You sock the goblin!
You kill the goblin!
You feel very sick.
* * * LOW HITPOINT WARNING * * *
You feel very sick.
You see here a +2 dagger of venom.
* * * LOW HITPOINT WARNING * * *
You feel sick. The rat bites you but does no damage.
You barely miss the rat.
You die...

.# #############♣.♣
#...#≈#........
.....#.......#
.............##
#..........#..####
#..........##.)..####
......r@)..$).....#8♣♣
...≈≈≈≈§≈.......#.'.<♣
..≈≈####≈≈...!..#.#8♣♣
..≈ ##§.....##.### .
#§....#≈...
#§.....##..#
#≈.........#
≈≈".....##.# ..


You could see a rat.

Vanquished Creatures
  2 goblins (D:1)
2 creatures vanquished.

Notes
Turn   | Place    | Note
-------+----------+-------------------------------------------
     0 | D:1      | Ivernyr the Formicid Fighter began the quest for the Orb.
     0 | D:1      | Reached XP level 1. HP: 18/18 MP: 1/1
    23 | D:1      | Succumbed to a goblin's poison

Illustrated notes

Levels and vault maps discovered:
D:1:      saegor_arrival_simple_b, layout_loops_ring, serial_forest,
          infiniplex_forest_end_1, infiniplex_forest_lined_corner,
          infiniplex_forest_lined_2, infiniplex_forest_clump_long,
          infiniplex_forest_clump_diagonal, serial_shops, shop_fountains,
          chequers_avenue, grunt_decor_clamped, minivault_11, corner_web_ring,
          hangedman_abyss_or_decor_stabs, minmay_misc_feat_square,
          kennysheep_decorative_pillar

Action                     || total
---------------------------++-------
  Melee: Flail             ||     8
 Armour: Scale mail        ||     3
  Dodge: Dodged            ||     2
  Block: Buckler           ||     2
